 Dungeon Crawl Stone Soup version 0.21-a0-402-gcbae7d1 (webtiles) character file.

72 Mitsuki the Conjurer (level 3, -1/26 HPs)
             Began as a Demigod Conjurer on Oct 26, 2017.
             Slain by a hobgoblin
             ... wielding a +0 club
             ... led by Robin
              (7 damage)
             ... on level 1 of the Dungeon.
             The game lasted 00:03:28 (1978 turns).

Mitsuki the Conjurer (Demigod Conjurer)             Turns: 1978, Time: 00:03:29

Health: -1/26      AC:  2    Str: 11    XL:     3   Next: 80%
Magic:  4/10       EV: 12    Int: 21    God:
Gold:   38         SH:  0    Dex: 16    Spells: 4/7 levels left

rFire    . . .     SeeInvis .   i - +0 short sword
rCold    . . .     Gourm    .   (no shield)
rNeg     . . .     Faith    .   g - +0 robe (curse)
rPois    .         Spirit   .   (no helmet)
rElec    .         Reflect  .   (no cloak)
rCorr    .         Harm     .   (no gloves)
MR       .....                  (no boots)
Stlth    ++........             (no amulet)
HPRegen  0.08/turn              (no ring)
MPRegen  0.12/turn              (no ring)

@: no status effects
A: high mp 1
a: no special abilities


You were on level 1 of the Dungeon.
You were not hungry.

You visited 1 branch of the dungeon, and saw 2 of its levels.

You collected 38 gold pieces.

Inventory:

Hand Weapons
 i - a +0 short sword (weapon)
Armour
 g - a cursed +0 robe (worn)
Jewellery
 j - an uncursed amulet of faith
Scrolls
 a - 2 scrolls of remove curse {unknown}
 h - 3 scrolls of identify {unknown}
Potions
 d - a potion of invisibility {unknown}
 e - a potion of haste {unknown}
 f - a potion of lignification {unknown}
Books
 b - a book of Conjurations

   Spells                             Type                      Level
   a - Magic Dart                     Conjuration                  1
   b - Searing Ray                    Conjuration                  2
   c - Dazzling Spray                 Conjuration/Hexes            3
   d - Fulminant Prism                Conjuration/Hexes            4
   e - Force Lance                    Conjuration/Translocation    4
   f - Iskenderun's Mystic Blast      Conjuration                  4
Comestibles
 c - 2 bread rations
 k - a fruit
 l - 3 meat rations
 m - 2 chunks of flesh


   Skills:
 - Level 1.7 Dodging
 - Level 1.7 Stealth
 + Level 2.9 Spellcasting
 + Level 4.4 Conjurations


You had 4 spell levels left.
You knew the following spells:

 Your Spells              Type           Power        Failure   Level  Hunger
a - Magic Dart            Conj           ###.         2%          1    None
b - Searing Ray           Conj           ###...       3%          2    ##.....


Dungeon Overview and Level Annotations

Branches:
Dungeon (2/15)

Annotations:
D:1 Robin


Innate Abilities, Weirdness & Mutations

You have an increased reservoir of magic. (+10% MP)


Message History

The magic dart hits the hobgoblin.
The hobgoblin is severely wounded.
The hobgoblin hits you with a club.
You take 5 damage, and have 16/26 hp.
Casting: Magic Dart
Confirm with . or Enter, or press ? or * to list all spells.
Aiming: Magic Dart
Press: ? - help, Shift-Dir - straight line, f/p - hobgoblin
Aim: a hobgoblin, wielding a club (severely wounded, unusually strong)
The magic dart hits the hobgoblin.
You kill the hobgoblin!
You now have 3/10 mp.
The hobgoblin hits you with a club. Robin completely misses you.
A mysterious force pulls you upwards. The hatch slams shut behind you.
You take 1 damage, and have 15/26 hp.
The hobgoblin hits you with a club!
* * * LOW HITPOINT WARNING * * *
You take 9 damage, and have 6/26 hp.
MASSIVE DAMAGE!!
You barely miss the hobgoblin. The hobgoblin hits you with a club!
You die...

#..#######(.).....#.#...........#
#...........).......#.#.#.#.##...
#.########..#.....#(#.#.#.#..###.
#)#.............###.....#.#....##
..#.#####..##.#.......###.#.#....
[##.#......#......#.#.....#......
.##.###.##.#..#.#....####.#######
###...#.##.#.....................
##....#.##.#..#g@.....#.#.#######
......#.##.#..###.....#.#.#......
.#....#.##.#.)# #.........#.#.#.#
.#....#....#### #..>.##.......).)
.##.#.###### #......####.#.#.#
.##.#......# #......# #.#.#.#
.##.######.# #...#### #.#.#.#
'##.# #.# #...# #.#.#.# ....#
####รท######.#.# #.#.#..


You could see a hobgoblin.

Vanquished Creatures
  2 gnolls (D:1)
  An ooze (D:2)
  A dart slug (D:1)
  A leopard gecko (D:1)
  4 bats
  2 giant cockroaches (D:1)
  7 goblins
  9 hobgoblins
  4 jackals (D:2)
  A frilled lizard (D:1)
  4 kobolds
  3 rats
39 creatures vanquished.

Notes
Turn   | Place    | Note
-------+----------+-------------------------------------------
     0 | D:1      | Mitsuki the Demigod Conjurer began the quest for the Orb.
     0 | D:1      | Reached XP level 1. HP: 14/14 MP: 5/5
   451 | D:1      | Reached skill level 4 in Conjurations
   451 | D:1      | Reached XP level 2. HP: 18/20 MP: 1/7
   819 | D:1      | Learned a level 2 spell: Searing Ray
  1239 | D:1      | Reached XP level 3. HP: 10/26 MP: 0/9
  1860 | D:2      | Noticed Robin
  1978 | D:1      | Slain by a hobgoblin

Vault maps used:
D:1:      lightli_arrival_flooded_house, minmay_misc_feat_nine_boxes,
          minmay_misc_feat_iff
D:2:      lemuel_crystal_altar, first_bread, uniq_robin

Skill      XL: |  1 |
---------------+----+-----
Spellcasting   | 2 |  2.9
Conjurations   | 4 |  4.4
Dodging        | |  1.7
Stealth        | |  1.7

Action                   || total
-------------------------++-------
Melee: Short sword       ||     6
 Cast: Magic Dart        ||    85
  Eat: Chunk             ||     3
Armor: Robe              ||     1
Dodge: Dodged            ||     9

Table legend:
 A = Spawn XP
 B = Non-spawn XP
 C = Spawn XP percentage of total XP
 D = Spawn monster count
 E = Non-spawn monster count
 F = Spawn count percentage of total count
 G = Total turns spent on level
                    A         B        C        D         E        F      G
               +---------+---------+-------+---------+---------+-------+---------
         Total |       0 |     103 |   0.0 |       0 |      39 |   0.0 |  1978
               +---------+---------+-------+---------+---------+-------+---------
           D:1 |       0 |      63 |   0.0 |       0 |      20 |   0.0 |  1540
           D:2 |       0 |      40 |   0.0 |       0 |      19 |   0.0 |   438
               +---------+---------+-------+---------+---------+-------+---------
